 Dungeon Crawl Stone Soup version 0.27-a0-124-g19cb506db8 (webtiles) character file.

Game seed: 13819263017559967049

15 tsouns the Sneak (level 2, -3/18 HPs)
             Began as a Vampire Delver on Jan 25, 2021.
             Slain by a worker ant (5 damage)
             ... on level 7 of the Dungeon.
             The game lasted 00:01:09 (804 turns).

tsouns the Sneak (Vampire Delver)                    Turns: 804, Time: 00:01:10

Health: -3/18      AC:  3    Str: 11    XL:     2   Next: 34%
Magic:  2/2        EV: 12    Int: 12    God:
Gold:   34         SH:  0    Dex: 15    Spells: 1/1 levels left

rFire    . . .     SeeInvis +   a - +0 short sword
rCold    + + .     Faith    .   (no shield)
rNeg     + + +     Spirit   .   b - +0 leather armour
rPois    ∞         Reflect  .   (no helmet)
rElec    .         Harm     .   (no cloak)
rCorr    .         Rampage  .   (no gloves)
Will     .....                  (no boots)
Stlth    +++++.....             (no amulet)
HPRegen  0.00/turn              (no ring)
MPRegen  0.08/turn              (no ring)

@: bloodless
A: fangs 3, see invisible, unbreathing
a: Revivify


You were on level 7 of the Dungeon.
You visited 1 branch of the dungeon, and saw 3 of its levels.

You collected 34 gold pieces.

Inventory:

Hand Weapons
 a - a +0 short sword (weapon)
Armour
 b - a +0 leather armour (worn)
Wands
 g - a wand of digging (3)
Scrolls
 c - a scroll of fog
 d - a scroll of magic mapping
Potions
 f - a potion of haste
 h - a potion of magic {unknown}
 i - 2 potions of might {unknown}


   Skills:
 + Level 2.9 Fighting
 + Level 2.5 Short Blades
 + Level 2.5 Dodging
 + Level 7.5 Stealth


You had one spell level left.
You didn't know any spells.
Your spell library was empty.

Dungeon Overview and Level Annotations

Branches:
Dungeon (7/15)
 Temple: D:4-7

Altars:

Annotations:
D:5 Dowan, Duvessa


Innate Abilities, Weirdness & Mutations

You do not regenerate when monsters are visible.
You are frail without blood (-20% HP).
You can heal yourself when you bite living creatures.
You are immune to poison.
You have razor-sharp teeth.
You have supernaturally acute eyesight. (SInv)
You can survive without breathing.


Message History

You kill the jackal!
You see here a jackal corpse.
HP restored.
A worker ant comes into view.
Found a scroll of fear.
Found 16 arrows.
Found a stone staircase leading up.
Found a stone staircase leading up.
The worker ant barely misses you. The worker ant bites you.
You closely miss the worker ant. The worker ant bites you.
You hit the worker ant but do no damage.
The worker ant bites you!
You are too injured to fight recklessly!
You are too injured to fight recklessly!
You hit the worker ant but do no damage.
The worker ant bites you.
* * * LOW HITPOINT WARNING * * *
You hit the worker ant.
The worker ant is moderately wounded.
The worker ant bites you.
You die...

#.... #.... #.... #....
#######....
############...........
.............# ###...÷
##....?...## #......
#..B@....<.# #.#....
#..........# ##.#....
#..........# #..#####
#..........###.##
#..............#
##..........####
#..........##
#..........#
..........#


You could see a worker ant.

Vanquished Creatures
  A hound skeleton (D:5)
  A giant cockroach (D:5)
  A jackal (D:7)
3 creatures vanquished.

Notes
Turn   | Place    | Note
-------+----------+-------------------------------------------
     0 | D:5      | tsouns the Vampire Delver began the quest for the Orb.
     0 | D:5      | Reached XP level 1. HP: 17/17 MP: 1/1
    10 | D:6      | Noticed a phantom
   381 | D:5      | Reached XP level 2. HP: 13/18 MP: 2/2
   488 | D:5      | Noticed Duvessa
   488 | D:5      | Noticed Dowan
   525 | D:6      | Noticed a sky beast
   804 | D:7      | Slain by a worker ant

Illustrated notes

Levels and vault maps discovered:
D:5:      layout_basic, basic_altar, uniq_duvessa, uniq_eustachio
D:6:      layout_basic, nicolae_overflow_hidden_temple
D:7:      layout_rooms, minmay_temple_entry_arrows, minmay_shop_damaged

Action                   || total
-------------------------++-------
Melee: Short sword       ||    30
       Bite              ||     4
 Abil: Exsanguinate      ||     1
  Use: Scroll            ||     1
 Stab: Sleeping          ||     1
Armor: Leather armour    ||     6
Dodge: Dodged            ||    15

Table legend: (Time is in decaauts)
 A = Elapsed time spent in this place.
 B = Non-inter-level travel time spent in this place.
 C = Inter-level travel time spent in this place.
 D = Time resting spent in this place.
 E = Time spent auto-exploring this place.
 F = Levels seen in this place.
 G = Mean time per level.
                   A        B        C        D        E       F      G
               +--------+--------+--------+--------+--------+-----+--------+
         Total |    804 |    804 |      0 |      0 |    679 |   3 |  268.0 |
       Dungeon |    804 |    804 |      0 |      0 |    679 |   3 |  268.0 |
               +--------+--------+--------+--------+--------+-----+--------+

Top non-repeatable levels by time:
     D:5: 469 daAuts
     D:7: 230 daAuts
     D:6: 104 daAuts
